[ AOE2 MATCH · #472134248 ]
UnrankedBerbers vs None
Rival team · LOSS
[ REPLAY ANALYSIS · EXTRACTED FROM THE RECORDED GAME ]
Feudal
10:16
Castle
21:20
Imperial
36:11
| APM avg | 53.7 |
| APM peak | 98 |
| eAPM avg | 23.8 |
| Villagers / military | 132 / 497 |
Focus
⚔️ 52.8% · 🌾 47.2%
Scout Cavalry ×209 · Skirmisher ×111 · Hand Cannoneer ×96 · Knight ×23 · Genitour ×23 · Archer ×17
Feudal
9:47
Castle
22:11
Imperial
39:41
| APM avg | 49.2 |
| APM peak | 76 |
| eAPM avg | 29.4 |
| Villagers / military | 187 / 711 |
Focus
⚔️ 46.0% · 🌾 54.0%
Spearman ×306 · Skirmisher ×208 · Huskarl ×170 · Battering Ram ×13 · Petard ×4 · Militia ×3
Match map
Initial resources + every placement click. Lines = walls · curves = elevation contours. ◆ gold · ⬟ stone · ● berries · ✦ relic · ◌ wall gap
Your base· Open — opponent sealed themselves in
hpbhi's base· ✓ Closed at 22:11 · 40t walls · no gate
Smoothed initial terrain · ◌ = detected wall gap · hover for details
Inputs per minute
— Nosete - - hpbhi
Build order — Nosete
First 150 of 880 actions detected
| 0:00 | Create | Villager (Male) |
| 0:00 | Create | Villager (Male) |
| 0:02 | Build | House |
| 0:03 | Build | House |
| 0:06 | Research | Loom |
| 0:13 | Create | Villager (Male) |
| 0:22 | Create | Villager (Male) |
| 0:22 | Create | Villager (Male) |
| 0:32 | Create | Villager (Male) |
| 1:26 | Create | Villager (Male) |
| 2:06 | Create | Villager (Male) |
| 2:15 | Build | Lumber Camp |
| 2:38 | Create | Villager (Male) |
| 3:06 | Create | Villager (Male) |
| 3:30 | Create | Villager (Male) |
| 4:02 | Create | Villager (Male) |
| 4:13 | Create | Villager (Male) |
| 4:29 | Build | House |
| 4:31 | Create | Villager (Male) |
| 4:52 | Build | House |
| 4:58 | Create | Villager (Male) |
| 5:27 | Create | Villager (Male) |
| 5:42 | Build | Mill |
| 6:05 | Create | Villager (Male) |
| 6:35 | Create | Villager (Male) |
| 6:55 | Create | Villager (Male) |
| 7:32 | Create | Villager (Male) |
| 8:05 | Research | Feudal Age |
| 8:39 | Build | Barracks |
| 8:43 | Build | House |
| 8:46 | Build | Barracks |
| 8:48 | Build | House |
| 8:53 | Create | Villager (Male) |
| 9:12 | Build | Mining Camp |
| 10:16 | Age | Feudal Age |
| 10:20 | Build | Archery Range |
| 10:23 | Create | Villager (Male) |
| 10:25 | Research | Double-Bit Axe |
| 10:25 | Research | Double-Bit Axe |
| 10:38 | Create | Villager (Male) |
| 11:08 | Create | Spearman |
| 11:10 | Create | Skirmisher |
| 11:11 | Create | Archer |
| 11:14 | Build | Farm |
| 11:15 | Build | Farm |
| 11:23 | Create | Villager (Male) |
| 11:49 | Create | Villager (Male) |
| 11:53 | Create | Archer |
| 11:59 | Build | Farm |
| 12:00 | Build | Farm |
| 12:15 | Build | House |
| 12:25 | Create | Villager (Male) |
| 12:42 | Build | Blacksmith |
| 12:44 | Build | House |
| 12:46 | Create | Villager (Male) |
| 13:01 | Create | Archer |
| 13:08 | Build | House |
| 13:16 | Create | Villager (Male) |
| 13:19 | Build | Farm |
| 13:24 | Build | Palisade Wall |
| 13:27 | Build | Palisade Wall |
| 13:33 | Build | Palisade Wall |
| 13:42 | Create | Archer |
| 13:44 | Build | Farm |
| 13:45 | Research | Fletching |
| 13:46 | Research | Fletching |
| 13:51 | Build | Farm |
| 13:53 | Build | Farm |
| 14:08 | Create | Archer |
| 14:28 | Create | Villager (Male) |
| 14:41 | Create | Villager (Male) |
| 15:04 | Create | Villager (Male) |
| 15:27 | Create | Archer |
| 15:33 | Create | Villager (Male) |
| 15:37 | Create | Villager (Male) |
| 15:40 | Build | Farm |
| 15:42 | Build | Farm |
| 15:44 | Build | Farm |
| 15:45 | Create | Villager (Male) |
| 15:47 | Build | Farm |
| 15:48 | Create | Villager (Male) |
| 15:58 | Create | Archer |
| 16:37 | Create | Archer |
| 16:38 | Create | Villager (Male) |
| 16:42 | Create | Villager (Male) |
| 16:45 | Build | Archery Range |
| 16:49 | Build | Farm |
| 16:50 | Build | Farm |
| 16:52 | Build | Farm |
| 16:54 | Create | Villager (Male) |
| 17:05 | Research | Padded Archer Armor |
| 17:08 | Create | Archer |
| 17:15 | Build | House |
| 17:29 | Create | Archer |
| 17:36 | Create | Villager (Male) |
| 17:43 | Build | Farm |
| 17:44 | Build | Farm |
| 17:47 | Create | Villager (Male) |
| 17:49 | Create | Archer |
| 17:49 | Create | Archer |
| 18:00 | Build | House |
| 18:11 | Create | Archer |
| 18:22 | Build | Palisade Wall |
| 18:40 | Research | Castle Age |
| 18:44 | Research | Gold Mining |
| 19:01 | Research | Horse Collar |
| 19:26 | Create | Villager (Male) |
| 20:02 | Build | Stable |
| 20:09 | Build | Palisade Wall |
| 20:26 | Build | House |
| 20:31 | Create | Archer |
| 20:31 | Create | Archer |
| 20:36 | Build | House |
| 20:38 | Build | House |
| 20:44 | Build | Palisade Wall |
| 20:51 | Build | Palisade Gate |
| 21:08 | Research | Bloodlines |
| 21:14 | Build | Farm |
| 21:20 | Age | Castle Age |
| 21:25 | Create | Cavalry Archer |
| 21:26 | Create | Cavalry Archer |
| 21:42 | Create | Villager (Male) |
| 21:47 | Build | Town Center |
| 21:57 | Create | Knight |
| 22:20 | Create | Villager (Male) |
| 22:24 | Create | Villager (Male) |
| 22:25 | Research | Bow Saw |
| 22:27 | Create | Archer |
| 22:30 | Create | Cavalry Archer |
| 22:42 | Create | Villager (Male) |
| 22:44 | Build | Farm |
| 22:45 | Create | Villager (Male) |
| 22:52 | Research | Bodkin Arrow |
| 23:15 | Create | Knight |
| 23:16 | Create | Scout Cavalry |
| 23:39 | Create | Villager (Male) |
| 23:41 | Create | Cavalry Archer |
| 23:43 | Create | Villager (Male) |
| 23:48 | Build | Farm |
| 23:48 | Build | Farm |
| 23:49 | Build | Farm |
| 23:50 | Build | Farm |
| 23:57 | Create | Knight |
| 24:36 | Create | Villager (Male) |
| 24:38 | Build | Farm |
| 24:42 | Create | Knight |
| 24:44 | Build | Stable |
| 24:48 | Research | Scale Barding Armor |
| 24:55 | Create | Villager (Male) |
| 24:56 | Create | Villager (Male) |
Build order — hpbhi
First 150 of 704 actions detected
| 0:02 | Create | Villager (Male) |
| 0:02 | Create | Villager (Male) |
| 0:02 | Build | House |
| 0:05 | Research | Loom |
| 0:07 | Build | House |
| 0:08 | Create | Villager (Male) |
| 0:25 | Create | Villager (Male) |
| 0:25 | Create | Villager (Male) |
| 0:39 | Create | Villager (Male) |
| 1:43 | Create | Villager (Male) |
| 2:08 | Build | Lumber Camp |
| 2:28 | Create | Villager (Male) |
| 2:30 | Create | Villager (Male) |
| 2:30 | Create | Villager (Male) |
| 3:13 | Create | Villager (Male) |
| 3:25 | Build | House |
| 3:44 | Create | Villager (Male) |
| 4:01 | Create | Villager (Male) |
| 4:37 | Create | Villager (Male) |
| 4:57 | Create | Villager (Male) |
| 5:13 | Create | Villager (Male) |
| 5:18 | Build | House |
| 5:42 | Create | Villager (Male) |
| 5:50 | Build | Barracks |
| 6:08 | Create | Villager (Male) |
| 6:29 | Create | Villager (Male) |
| 7:06 | Create | Villager (Male) |
| 7:25 | Build | Mill |
| 7:37 | Research | Feudal Age |
| 8:28 | Build | Lumber Camp |
| 8:59 | Create | Villager (Male) |
| 9:04 | Build | House |
| 9:47 | Age | Feudal Age |
| 9:49 | Create | Spearman |
| 9:58 | Build | Archery Range |
| 10:01 | Create | Villager (Male) |
| 10:15 | Create | Villager (Male) |
| 10:17 | Create | Spearman |
| 10:40 | Build | Mining Camp |
| 10:43 | Create | Archer |
| 11:07 | Create | Villager (Male) |
| 11:07 | Create | Villager (Male) |
| 11:13 | Create | Skirmisher |
| 11:19 | Create | Spearman |
| 11:20 | Create | Villager (Male) |
| 11:21 | Research | Horse Collar |
| 11:25 | Research | Double-Bit Axe |
| 11:31 | Create | Skirmisher |
| 11:44 | Build | House |
| 11:52 | Create | Skirmisher |
| 11:59 | Build | House |
| 12:01 | Build | Palisade Wall |
| 12:07 | Build | House |
| 12:10 | Build | Palisade Wall |
| 12:15 | Build | Palisade Wall |
| 12:16 | Create | Skirmisher |
| 12:35 | Research | Horse Collar |
| 12:38 | Create | Villager (Male) |
| 12:52 | Build | Farm |
| 12:56 | Create | Skirmisher |
| 13:08 | Build | Palisade Wall |
| 13:13 | Build | Farm |
| 13:14 | Create | Villager (Male) |
| 13:16 | Create | Skirmisher |
| 13:32 | Create | Archer |
| 13:34 | Create | Villager (Male) |
| 13:51 | Build | Farm |
| 14:05 | Create | Villager (Male) |
| 14:17 | Build | Blacksmith |
| 14:32 | Create | Villager (Male) |
| 14:32 | Create | Villager (Male) |
| 14:34 | Build | Farm |
| 14:39 | Create | Villager (Male) |
| 14:54 | Research | Fletching |
| 15:03 | Create | Villager (Male) |
| 15:09 | Build | Farm |
| 15:09 | Build | Farm |
| 15:21 | Create | Spearman |
| 15:25 | Create | Villager (Male) |
| 15:31 | Build | Farm |
| 15:32 | Build | Farm |
| 15:32 | Build | Farm |
| 15:32 | Build | Farm |
| 15:32 | Build | Farm |
| 15:32 | Build | Farm |
| 15:33 | Build | Farm |
| 15:33 | Build | Farm |
| 15:38 | Create | Skirmisher |
| 15:39 | Create | Skirmisher |
| 15:48 | Build | Farm |
| 15:48 | Build | Farm |
| 15:49 | Build | Farm |
| 15:58 | Create | Spearman |
| 16:07 | Create | Skirmisher |
| 16:14 | Build | Farm |
| 16:36 | Create | Villager (Male) |
| 16:39 | Build | Farm |
| 16:40 | Build | Farm |
| 16:40 | Build | Farm |
| 16:40 | Build | Farm |
| 16:47 | Build | Farm |
| 16:54 | Build | House |
| 16:57 | Build | Palisade Wall |
| 17:06 | Create | Villager (Male) |
| 17:14 | Create | Villager (Male) |
| 17:26 | Create | Villager (Male) |
| 17:33 | Build | House |
| 17:44 | Build | Palisade Wall |
| 17:51 | Build | Mining Camp |
| 18:18 | Create | Spearman |
| 18:25 | Create | Villager (Male) |
| 18:31 | Build | Farm |
| 18:46 | Create | Villager (Male) |
| 19:03 | Build | Lumber Camp |
| 19:31 | Research | Castle Age |
| 19:31 | Research | Castle Age |
| 20:02 | Build | Farm |
| 20:07 | Research | Gold Mining |
| 20:28 | Build | Farm |
| 20:50 | Create | Villager (Male) |
| 21:00 | Research | Scale Mail Armor |
| 21:48 | Create | Villager (Male) |
| 22:11 | Age | Castle Age |
| 22:19 | Build | Castle |
| 22:27 | Build | Town Center |
| 22:32 | Research | Chain Mail Armor |
| 22:32 | Create | Villager (Male) |
| 22:34 | Research | Squires |
| 22:48 | Build | Mining Camp |
| 23:24 | Create | Huskarl |
| 23:33 | Create | Huskarl |
| 23:36 | Create | Huskarl |
| 23:37 | Create | Villager (Male) |
| 23:38 | Create | Villager (Male) |
| 23:45 | Build | Siege Workshop |
| 24:02 | Create | Huskarl |
| 24:03 | Create | Villager (Male) |
| 24:08 | Build | Farm |
| 24:08 | Build | Farm |
| 24:08 | Build | Farm |
| 24:14 | Create | Scorpion |
| 24:16 | Create | Huskarl |
| 24:16 | Create | Huskarl |
| 24:40 | Create | Huskarl |
| 24:43 | Create | Villager (Male) |
| 24:46 | Research | Forging |
| 24:49 | Create | Huskarl |
| 24:50 | Create | Villager (Male) |
| 24:51 | Create | Villager (Male) |
| 25:13 | Create | Villager (Male) |
Match timeline
| 5:50 | hpbhi · first_building Barracks |
| 8:39 | Nosete · first_building Barracks |
| 9:47 | hpbhi · age_up feudal |
| 9:58 | hpbhi · first_building Archery Range |
| 10:16 | Nosete · age_up feudal |
| 10:20 | Nosete · first_building Archery Range |
| 12:01 | hpbhi · wall_segment Palisade Wall x10 |
| 12:10 | hpbhi · wall_segment Palisade Wall x5 |
| 12:15 | hpbhi · wall_segment Palisade Wall x5 |
| 13:08 | hpbhi · wall_segment Palisade Wall x12 |
| 13:24 | Nosete · wall_segment Palisade Wall x1 |
| 13:27 | Nosete · wall_segment Palisade Wall x1 |
| 13:33 | Nosete · wall_segment Palisade Wall x9 |
| 16:57 | hpbhi · wall_segment Palisade Wall x7 |
| 17:44 | hpbhi · wall_segment Palisade Wall x1 |
| 18:22 | Nosete · wall_segment Palisade Wall x8 |
| 20:02 | Nosete · first_building Stable |
| 20:09 | Nosete · wall_segment Palisade Wall x11 |
| 20:44 | Nosete · wall_segment Palisade Wall x1 |
| 21:20 | Nosete · age_up castle |
| 22:11 | hpbhi · age_up castle |
| 22:19 | hpbhi · first_building Castle |
| 23:45 | hpbhi · first_building Siege Workshop |
| 27:49 | hpbhi · wall_segment Palisade Wall x1 |
| 31:16 | Nosete · first_building Monastery |
| 36:06 | Nosete · first_building Castle |
| 36:11 | Nosete · age_up imperial |
| 38:46 | Nosete · wall_segment Stone Wall x12 |
| 38:50 | Nosete · wall_segment Stone Wall x10 |
| 39:24 | Nosete · wall_segment Stone Wall x3 |
| 39:41 | hpbhi · age_up imperial |
| 43:26 | Nosete · first_market_sell 100 food |
| 46:11 | Nosete · wall_segment Stone Wall x1 |
| 47:28 | Nosete · wall_segment Stone Wall x2 |
| 49:27 | hpbhi · first_market_buy 500 food |
| 49:28 | hpbhi · first_market_sell 500 food |
| 65:20 | Nosete · wall_segment Stone Wall x10 |
| 65:33 | Nosete · wall_segment Palisade Wall x5 |
| 70:46 | hpbhi · resign |
[ AI ANALYSIS · 1 CREDIT ]
What really happened in this match?
Wolo.gg analyzes every decision: build order, eco, micro, common mistakes by bracket. Personalized analysis on WhatsApp or Discord in 30 seconds.
Civ guide
Berbers
Perfil
Nosete